 Dungeon Crawl Stone Soup version 0.22.0-16-gc6d26f6 (webtiles) character file.

298 Azzok the Firebug (level 6, 0/45 HPs)
             Began as a Hill Orc Fire Elementalist on Aug 17, 2018.
             Slain by a worker ant (1 damage)
             ... on level 6 of the Dungeon.
             The game lasted 00:05:51 (3678 turns).

Azzok the Firebug (Hill Orc Fire Elementalist)      Turns: 3678, Time: 00:05:52

Health: 0/45       AC:  6    Str: 11    XL:     6   Next: 36%
Magic:  8/8        EV:  9    Int: 17    God:
Gold:   232        SH:  0    Dex: 11    Spells: 7/8 levels left

rFire    . . .     SeeInvis .   j - +2 dagger (venom)
rCold    . . .     Gourm    .   (no shield)
rNeg     . . .     Faith    .   e - +0 scale mail
rPois    .         Spirit   .   (no helmet)
rElec    .         Reflect  .   (no cloak)
rCorr    +         Harm     .   (no gloves)
MR       .....                  (no boots)
Stlth    ..........             (no amulet)
HPRegen  0.15/turn              n - ring of resist corrosion
MPRegen  0.11/turn              (no ring)

@: lethally poisoned (0 -> -4)
A: no striking features
a: no special abilities


You were on level 6 of the Dungeon.
You were not hungry.

You visited 1 branch of the dungeon, and saw 5 of its levels.

You collected 232 gold pieces.

Inventory:

Hand Weapons
 j - a +2 dagger of venom (weapon)
 o - a +3 dagger
Armour
 a - a +0 robe
 e - a +0 scale mail (worn)
Jewellery
 n - a ring of resist corrosion (left hand)
Wands
 s - a wand of digging (13)
 x - a wand of scattershot (3)
 y - a wand of random effects (28)
Scrolls
 b - a scroll of teleportation {unknown}
 d - 2 scrolls of amnesia {unknown}
 h - 4 scrolls of identify {unknown}
 m - 2 scrolls of fear {unknown}
 p - a scroll of magic mapping {unknown}
 q - a scroll of remove curse {unknown}
 r - a scroll of random uselessness {unknown}
 t - a scroll of enchant weapon {unknown}
 w - a scroll of blinking {unknown}
Potions
 f - a potion of heal wounds {unknown}
 g - 2 potions of berserk rage {unknown}
 i - 2 potions of curing {unknown}
 k - a potion of ambrosia {unknown}
 l - a potion of lignification {unknown}
 u - a potion of cancellation {unknown}
 z - a potion of flight {unknown}
Comestibles
 c - 7 rations
 v - a chunk of flesh


   Skills:
 - Level 1.6 Dodging
 - Level 1.6 Stealth
 - Level 1.6 Spellcasting
 + Level 4.3 Conjurations
 + Level 5.8 Fire Magic


You had 7 spell levels left.
You knew the following spells:

 Your Spells              Type           Power        Failure   Level  Hunger
a - Flame Tongue          Conj/Fire      ###..        16%         1    ##.....

Your spell library contained the following spells:

 Spells                   Type           Power        Failure   Level  Hunger
 Fireball                 Conj/Fire      ###.......   99%         5    ######.
 Conjure Flame            Conj/Fire      ###.....     43%         3    ####...
 Throw Flame              Conj/Fire      ###...       24%         2    ###....
 Sticky Flame             Conj/Fire      ###.....     85%         4    #####..
 Inner Flame              Hex/Fire       ##......     75%         3    ####...


Dungeon Overview and Level Annotations

Branches:
Dungeon (4/15)
 Temple: D:4-7

Altars:
Dithmenos
Kikubaaqudgha
Makhleb
Ru
Sif Muna
Zin

Annotations:
D:4 Dowan, Duvessa


Message History

You fall through a shaft for 2 floors!
The shaft crumbles and collapses.
A worker ant comes into view.
The worker ant twitches its antennae in your direction.
Found a scroll labeled XYPNOM ULUSS.
Found a stone staircase leading down.
Found 7 gold pieces.
The worker ant is too close now for your liking.
Found 26 arrows.
There is a stone staircase leading down here.
You hit the worker ant but do no damage.
The worker ant is poisoned.
The worker ant bites you.
* * * LOW HITPOINT WARNING * * *
You are lethally poisoned!
The worker ant poisons you!
You barely miss the worker ant.
The worker ant is lightly wounded.
* * * LOW HITPOINT WARNING * * *
You feel sick. The worker ant bites you.
You die...

▒▒ ▒▒ ▒▒▒·
▒▒▒▒▒··▒▒
▒·▒·▒▒▒··$···(▒▒
▒··▒·a@>······▒
▒▒
▒·············
▒·▒
▒▒······▒▒·▒▒▒
▒·▒▒▒·▒·····▒ ▒
▒·▒·▒▒·····▒
▒·▒▒▒▒▒▒▒▒▒
▒▒·▒▒▒▒▒▒▒
▒········▒
▒···▒▒▒▒·▒


You could see a worker ant.

Vanquished Creatures
  A scorpion (D:4)
  A hound (D:3)
  Ijyb (D:4)
  Natasha (D:2)
  A hound skeleton (D:3)
  7 adders
  2 oozes
  A worm (D:2)
  2 dart slugs (D:1)
  6 leopard geckos
  7 orcs
  2 ball pythons
  4 giant cockroaches
  5 goblins
  5 hobgoblins
  4 jackals
  A quokka (D:3)
  3 bats
  2 frilled lizards
  3 kobolds
  A quokka skeleton (D:4)
  12 rats
72 creatures vanquished.

Notes
Turn   | Place    | Note
-------+----------+-------------------------------------------
     0 | D:1      | Azzok the Hill Orc Fire Elementalist began the quest for the Orb.
     0 | D:1      | Reached XP level 1. HP: 14/14 MP: 3/3
   282 | D:1      | Reached XP level 2. HP: 13/20 MP: 4/4
   699 | D:1      | Reached XP level 3. HP: 20/26 MP: 5/5
  1112 | D:1      | Reached skill level 4 in Fire Magic
  1350 | D:2      | You fall through a shaft!
  1367 | D:3      | Reached XP level 4. HP: 27/33 MP: 6/6
  1645 | D:2      | Found a shadowy altar of Dithmenos.
  1714 | D:2      | Found a sacrificial altar of Ru.
  2045 | D:2      | Found a deep blue altar of Sif Muna.
  2111 | D:2      | Noticed Natasha
  2120 | D:2      | Killed Natasha
  2120 | D:2      | Reached XP level 5. HP: 31/38 MP: 7/7
  2159 | D:2      | Reached skill level 5 in Fire Magic
  2526 | D:3      | Found a burning altar of Makhleb.
  3455 | D:4      | Reached XP level 6. HP: 45/45 MP: 8/8
  3461 | D:4      | Found a glowing silver altar of Zin.
  3552 | D:4      | Found an ancient bone altar of Kikubaaqudgha.
  3597 | D:4      | Noticed Ijyb
  3605 | D:4      | Killed Ijyb
  3641 | D:4      | Noticed Duvessa
  3641 | D:4      | Noticed Dowan
  3658 | D:4      | HP: 1/45 [Duvessa/short sword (6)]
  3663 | D:4      | You fall through a shaft for 2 floors!
  3677 | D:6      | HP: 2/45 [worker ant (2)]
  3678 | D:6      | Slain by a worker ant

Skill      XL: |  1  2  3  4  5 |
---------------+----------------+-----
Conjurations   | 2 3 4 |  4.3
Fire Magic     | 4 5 |  5.8
Dodging        | |  1.6
Stealth        | |  1.6
Spellcasting   | |  1.6

Action                   |  1- 3 |  4- 6 || total
-------------------------+-------+-------++-------
Melee: Unarmed           |     9 |       ||     9
       Short sword       |    37 |       ||    37
       Dagger            |    41 |   158 ||   199
 Cast: Flame Tongue      |     4 |       ||     4
Evoke: Wand              |       |     4 ||     4
  Eat: Chunk             |     1 |     8 ||     9
Armor: Scale mail        |    42 |    55 ||    97
Dodge: Dodged            |    45 |    69 ||   114
